 Dungeon Crawl Stone Soup version 0.30-a0-297-g0ec75d9ef4 (webtiles) character file.

Game seed: 3125015992238591295

837 chippings the Slasher (level 7, -1/50 HPs)
             Began as a Merfolk Gladiator on Oct 18, 2022.
             Slain by a gnoll
             ... wielding a +0 flail
             ... led by a gnoll bouda
              (8 damage)
             ... on level 5 of the Dungeon.
             The game lasted 00:11:04 (5083 turns).

chippings the Slasher (Merfolk Gladiator)           Turns: 5083, Time: 00:11:04

Health: -1/50      AC:  7    Str: 20    XL:     7   Next: 99%
Magic:  7/7        EV: 10    Int: 10    God:
Gold:   91         SH: 13    Dex: 15    Spells: 6/6 levels left

rFire   . . .      SeeInvis .    t - +2 falchion (holy)
rCold   . . .      Faith    .    f - +0 tower shield
rNeg    . . .      Spirit   .    o - +0 ring mail
rPois   .          Reflect  .    c - +0 helmet
rElec   .          Harm     .    j - +0 cloak
rCorr   .          Rampage  .    (no gloves)
Will    .....                    (no boots)
Stlth   ++........               (no amulet)
HPRegen 0.28/turn                k - +6 ring of strength
MPRegen 0.10/turn                (no ring)

@: weakened, hasted, very quick
A: (nimble swimmer 2), mertail
a: no special abilities


You were on level 5 of the Dungeon.
You visited 1 branch of the dungeon, and saw 5 of its levels.

You collected 239 gold pieces.
You spent 148 gold pieces at shops.

Inventory:

Hand Weapons
 a - a +0 long sword
 t - a +2 falchion of holy wrath (weapon)
Missiles
 d - 3 throwing nets (quivered)
 e - a javelin
 q - 9 boomerangs
Armour
 c - a +0 helmet (worn)
 f - a +0 tower shield (worn)
 j - a +0 cloak (worn)
 o - a +0 ring mail (worn)
Jewellery
 k - a +6 ring of strength (left hand)
Wands
 s - a wand of flame (18)
Scrolls
 h - 2 scrolls of noise
 l - 2 scrolls of butterflies
 m - 3 scrolls of teleportation
 n - a scroll of summoning {unknown}
 p - a scroll of enchant armour {unknown}
 r - a scroll of fear {unknown}
 u - a scroll of immolation {unknown}
 v - a scroll of poison
 w - a scroll of blinking
 x - 2 scrolls of identify
Potions
 b - 3 potions of curing
 g - a potion of ambrosia
 z - a potion of brilliance {unknown}
 A - a potion of cancellation {unknown}


   Skills:
 - Level 2.1 Fighting
 + Level 7.2 Long Blades
 - Level 3.0 Throwing
 - Level 6.0 Dodging
 - Level 3.0 Stealth
 + Level 4.6 Shields


You had 6 spell levels left.
You didn't know any spells.
Your spell library contained the following spells:

 Spells                   Type           Power      Damage    Failure   Level
 Scorch                   Fire           0%         2d5       100%        2
 Inner Flame              Hex/Fire       0%         N/A       100%        3
 Portal Projectile        Hex/Tloc       0%         N/A       100%        3
 Tukima's Dance           Hex            0%         N/A       100%        3
 Cause Fear               Hex            0%         N/A       100%        4
 Flame Wave               Conj/Fire      0%         2d4       100%        4
 Sticky Flame             Conj/Fire      0%         2d3       100%        4
 Blade Hands              Tmut           0%         N/A       100%        5
 Iskenderun's Battlesphe  Conj           0%         2d6       100%        5
 Iron Shot                Conj/Erth      0%         9d1       100%        6
 Summon Cactus Giant      Summ           0%         N/A       100%        6
 Dragon Form              Tmut           0%         N/A       100%        7
 Spellforged Servitor     Conj/Summ      0%         N/A       100%        7
 Dragon's Call            Summ           0%         N/A       100%        9


Dungeon Overview and Level Annotations

Branches:
Dungeon (5/15)
 Temple: D:4-7

Altars:
Fedhas
Kikubaaqudgha
Vehumet
Xom

Shops:
D:5 !:*?


Innate Abilities, Weirdness & Mutations

((You are very nimble when in or above water. (Stealth+, EV+, Speed+++)))
Your lower body shifts to a powerful aquatic tail in water.


Message History

The gnoll hits you with a +0 flail. The gnoll bouda closely misses you.
You block the gnoll's attack. You block the gnoll bouda's attack.
You hit the gnoll bouda but do no damage.
The gnoll bouda is heavily wounded.
The gnoll is no longer moving quickly.
The gnoll barely misses you.
The gnoll bouda hits you with a +0 club.
You are too injured to fight recklessly!
You are too injured to fight recklessly!
You are too injured to fight recklessly!
You are too injured to fight recklessly!
You hit the gnoll bouda.
The gnoll bouda is almost dead.
The gnoll misses you. The gnoll bouda closely misses you.
You closely miss the gnoll bouda.
The gnoll bouda is almost dead.
Your attacks no longer feel as feeble.
You block the gnoll's attack.
The gnoll bouda barks out a call to the hunt!
The gnoll picks up the pace!
The gnoll hits you with a +0 flail.
The gnoll bouda mumbles some strange prayers to its god.
The gnoll bouda is healed somewhat.
You hit the gnoll bouda but do no damage.
The gnoll bouda is heavily wounded.
You block the gnoll's attack.
The gnoll bouda hits you with a +0 club.
* * * LOW HITPOINT WARNING * * *
You slash the gnoll bouda!
The gnoll bouda is almost dead.
The gnoll hits you with a +0 flail.
* * * LOW HITPOINT WARNING * * *
The gnoll bouda gazes fiercely through you!
You feel your attacks grow feeble.
The gnoll bouda hits you with a +0 club.
* * * LOW HITPOINT WARNING * * *
Okay, then.
You feel yourself speed up. You block the gnoll's attack.
You block the gnoll bouda's attack. The gnoll attacks as you move away!
The gnoll hits you with a +0 flail!
You die...

#..∩....###########.#####.....
#.......##.....####.####...###
#.......##.....####.####....##
####...........####.####.....)
#...###.......##.........##
#...# #.#########.......###
#...# ####.....###...#.## #
#...# ##..g......##.##.# #
#.>.###...@†......####.# #
#...##.....g#......# #.# #
#..##.....#####.....##.# #
#.##.....## #.....### #
#.##....## #.... # #)#....##
#... # #.'....# ... # #.'...##
.. # #.'....# #####


You could see a gnoll bouda and a gnoll (swift).

Vanquished Creatures
  An ogre (D:5)
  Blork the orc (D:5)
  A scorpion (D:5)
  3 wights (D:5)
  3 hounds (D:5)
  A jelly (D:4)
  An orc priest (D:5)
  Jessica (D:3)
  Natasha (thrice) (D:4)
  2 orc wizards
  3 gnolls (D:5)
  6 adders
  An ufetubus (D:5)
  2 worms (D:2)
  2 dart slugs (D:2)
  6 orcs
  3 endoplasms
  3 giant cockroaches
  5 goblins
  10 hobgoblins
  2 jackals (D:5)
  4 quokkas
  6 ball pythons
  4 bats
  2 frilled lizards
  3 kobolds (D:2)
  5 rats
84 creatures vanquished.

Notes
Turn   | Place    | Note
-------+----------+-------------------------------------------
     0 | D:1      | chippings the Merfolk Gladiator began the quest for the
                  | Orb.
     0 | D:1      | Reached XP level 1. HP: 16/16 MP: 1/1
   190 | D:1      | Reached XP level 2. HP: 21/22 MP: 2/2
   268 | D:1      | Reached skill level 1 in Stealth
   740 | D:1      | Reached skill level 4 in Long Blades
   815 | D:2      | Reached XP level 3. HP: 27/27 MP: 3/3
   945 | D:2      | Found an ancient bone altar of Kikubaaqudgha.
  1119 | D:2      | Reached XP level 4. HP: 19/33 MP: 4/4
  1628 | D:3      | Noticed Jessica
  1641 | D:3      | Killed Jessica
  1921 | D:3      | Found a radiant altar of Vehumet.
  2314 | D:3      | Reached skill level 5 in Dodging
  2353 | D:3      | Found a shimmering altar of Xom.
  2661 | D:4      | Reached XP level 5. HP: 12/38 MP: 5/5
  2983 | D:4      | Noticed Natasha
  2997 | D:4      | Killed Natasha
  3322 | D:4      | Noticed Natasha
  3362 | D:4      | Killed Natasha
  3363 | D:4      | Reached skill level 1 in Shields
  3536 | D:4      | Noticed Natasha
  3550 | D:4      | Killed Natasha
  3814 | D:4      | Reached skill level 5 in Long Blades
  3814 | D:4      | Reached XP level 6. HP: 35/44 MP: 6/6
  3893 | D:5      | Entered Level 5 of the Dungeon
  3963 | D:5      | Found Wirghi's Book Boutique.
  3963 | D:5      | Found Riutad's General Store.
  3964 | D:5      | Found Baat's Magic Scroll Boutique.
  3981 | D:5      | Bought a scroll of identify for 22 gold pieces
  3981 | D:5      | Bought a scroll of poison for 44 gold pieces
  3981 | D:5      | Bought a scroll of blinking for 82 gold pieces
  4196 | D:5      | Reached XP level 7. HP: 49/50 MP: 7/7
  4205 | D:5      | Noticed Blork the orc
  4210 | D:5      | Killed Blork the orc
  4211 | D:5      | Reached skill level 6 in Long Blades
  4741 | D:5      | Reached skill level 7 in Long Blades
  4926 | D:5      | Found a blossoming altar of Fedhas.
  4975 | D:5      | Found Seluaph's Distillery.
  5083 | D:5      | Slain by a gnoll

Illustrated notes

Levels and vault maps discovered:
D:1:      ncdulo_halloftheorcs, layout_loops_ring, amcnicky_mini_pool_small
D:2:      layout_basic, basic_altar
D:3:      layout_basic, mainiacjoe_overflow_surrounded_room,
          fiery_altar_vehumet, serial_curves, eino_curves_04, eino_curves_01,
          corexii_shack, serial_bayou_lake_a, uniq_jessica
D:4:      layout_loops_corners, kennysheep_windowed_goal, uniq_natasha
D:5:      layout_loops_ring, fedhas_altar_decomposition, serial_shops, shop,
          reono_crystal_passage, kennysheep_donut, supply_closet_lemuel,
          nicolae_wooded_promenade, cheibrodos_gnoll_hut, uniq_blork_the_orc

Skill      XL: |  1  2  3  4  5  6  7 |
---------------+----------------------+-----
Stealth        | 1 2 3 |  3.0
Long Blades    | 4 5 7 |  7.2
Dodging        | 5 6 |  6.0
Throwing       | 3 |  3.0
Shields        | 1 3 4 |  4.6
Fighting       | |  2.1

Action                   |  1- 3 |  4- 6 |  7- 9 || total
-------------------------+-------+-------+-------++-------
Melee: Long sword        |   100 |    56 |       ||   156
       Punch             |     2 |       |       ||     2
       Falchion          |       |    83 |   101 ||   184
       Tailslap          |       |     1 |       ||     1
  Use: Potion            |       |     4 |     1 ||     5
       Scroll            |       |     2 |     2 ||     4
 Stab: Sleeping          |     3 |     3 |     1 ||     7
Armor: Leather armour    |    30 |     4 |       ||    34
       Ring mail         |       |    42 |    29 ||    71
       Skin              |       |     1 |       ||     1
Dodge: Dodged            |    81 |    50 |    39 ||   170
Block: Tower shield      |       |    61 |    78 ||   139

Table legend: (Time is in decaauts)
 A = Elapsed time spent in this place.
 B = Non-inter-level travel time spent in this place.
 C = Inter-level travel time spent in this place.
 D = Time resting spent in this place.
 E = Time spent auto-exploring this place.
 F = Levels seen in this place.
 G = Mean time per level.
                   A        B        C        D        E       F      G
               +--------+--------+--------+--------+--------+-----+--------+
         Total |   5199 |   5100 |     99 |    211 |   3504 |   5 | 1039.8 |
       Dungeon |   5199 |   5100 |     99 |    211 |   3504 |   5 | 1039.8 |
               +--------+--------+--------+--------+--------+-----+--------+

Top non-repeatable levels by time:
     D:4: 1352 daAuts
     D:5: 1240 daAuts
     D:3: 1039 daAuts
     D:2: 791 daAuts
     D:1: 776 daAuts
